 Dungeon Crawl Stone Soup version bcrawl-1.21.2-28-g2cb1824106 (webtiles) character file.

Game seed: 11021606609950965783

50571 MisterOstroum the Slicer (level 14, -9/99 HPs)
             Began as a Demonspawn Wanderer on Mar 19, 2020.
             Was the Champion of Hepliaklqana.
             Killed by divine providence
             ... invoked by Saint Roka
              (16 damage)
             ... in the Orcish Mines.
             The game lasted 00:58:27 (22264 turns).

MisterOstroum the Slicer (Demonspawn Wanderer)     Turns: 22264, Time: 00:58:27

Health: -9/99      AC: 27    Str: 13    XL:     14   Next: 20%
Magic:  17/21      EV: 29    Int: 16    God:    Hepliaklqana [******]
Gold:   1773       SH:  8    Dex: 18    Spells: 11/23 levels left

rFire    . . .     SeeInvis .   a - +6 double sword (elec)
rCold    + . .     Gourm    .   v - +0 buckler
rNeg     . . .     Faith    .   k - quicksilver dragon scales
rPois    .         Spirit   .   (helmet restricted)
rElec    .         Reflect  .   n - +2 cloak
rCorr    .         Harm     .   C - +1 pair of gloves
MR       ++...                  L - +1 pair of boots
Stlth    ++++......             I - amulet of the acrobat
HPRegen  1.26/turn              q - ring of stealth
MPRegen  0.17/turn              w - +3 ring of dexterity

@: sanguine armour, regenerating
A: reduced essence, horns 1, cold resistance 1, demonic guardian 1, sanguine
armour 2
a: Recall Ancestor, Ancestor Identity, Transference, Incarnate, Renounce
Religion


You were in the Orcish Mines.
You worshipped Hepliaklqana.
Hepliaklqana was exalted by your worship.
You were not hungry.

You visited 3 branches of the dungeon, and saw 17 of its levels.

You collected 1788 gold pieces.
You spent 15 gold pieces at shops.

Inventory:

Hand Weapons
 a - a +6 double sword of electrocution (weapon)
 b - a +4 rapier of speed
Missiles
 d - 180 stones
 x - 76 poisoned tomahawks (quivered)
 Z - a throwing net {!f!f}
Armour
 k - quicksilver dragon scales (worn)
 n - a +2 cloak (worn)
 v - a +0 buckler (worn)
 C - a +1 pair of gloves (worn)
 L - a +1 pair of boots (worn)
Jewellery
 q - a ring of stealth (left hand)
 w - a +3 ring of dexterity (right hand)
 I - an amulet of the acrobat (around neck)
 Y - an uncursed ring of wizardry
Wands
 g - a wand of paralysis (11)
 u - a wand of polymorph (26)
 A - a wand of digging (12)
 D - a wand of flame (27)
 E - a wand of iceblast (6)
 O - a wand of random effects (28)
 R - a wand of acid (2)
Scrolls
 c - a scroll of enchant armour
 i - 4 scrolls of fog {!r}
 l - 4 scrolls of teleportation {@r3 !r}
 p - 4 scrolls of immolation
 r - 3 scrolls of blinking {@r4}
 t - a scroll of silence
 y - 3 scrolls of amnesia
 B - 2 scrolls of identify {@r1}
 P - a scroll of magic mapping {@r5 !r}
 U - 4 scrolls of remove curse {@r2}
 W - a scroll of acquirement
Potions
 f - 7 potions of curing {@q1 !q}
 j - 2 potions of resistance
 m - 4 potions of haste {@q4 !q}
 o - a potion of agility {@q5 !q}
 s - 2 potions of invisibility
 z - 3 potions of lignification {@q6}
 H - 2 potions of ambrosia
 J - a potion of mutation
 K - 2 potions of magic
 Q - a potion of cancellation
 S - 5 potions of flight
 T - a potion of berserk rage
 V - a potion of brilliance
Miscellaneous
 G - a fan of gales
 N - a sack of spiders
 X - a lamp of fire (inert)
Comestibles
 e - 28 rations {!d}
 h - a chunk of flesh


   Skills:
 - Level 10.0 Fighting
 - Level 11.5(11.7) Short Blades
 * Level 3.2(8.2) Long Blades
   Level 3.7 Polearms
 - Level 5.0 Armour
 - Level 5.0 Dodging
 - Level 5.0 Stealth
 - Level 4.0 Shields
 - Level 5.0 Spellcasting
 + Level 6.1 Conjurations
 - Level 4.0 Charms
 - Level 8.4 Necromancy
 + Level 4.2 Transmutations
 + Level 8.6 Invocations
 - Level 7.0 Evocations


You had 11 spell levels left.
You knew the following spells:

 Your Spells              Type           Power        Failure   Level  Hunger
a - Magic Dart            Conj           ###.         2%          1    None
b - Vampiric Draining     Necr           ####......   2%          3    ###....
c - Irradiate             Conj/Tmut      ###.......   69%         5    ######.
H - Regeneration          Chrm/Necr      ###.......   7%          3    ###....

Your spell library contained the following spells:

 Spells                   Type           Power        Failure   Level  Hunger
 Animate Skeleton         Necr           N/A          1%          1    None
 Pain                     Necr           ####..       1%          1    None
 Searing Ray              Conj           ###.....     3%          2    #......
 Beastly Appendage        Tmut           ###...       5%          1    None
 Iskenderun's Mystic Bla  Conj           ###.....     7%          3    ###....
 Shock                    Conj/Air       ##...        9%          1    None
 Sticks to Snakes         Tmut           ###.....     9%          2    #......
 Animate Dead             Necr           N/A          10%         4    ####...
 Swiftness                Chrm/Air       ##......     21%         2    #......
 Conjure Flame            Conj/Fire      ##......     26%         3    ###....
 Mephitic Cloud           Conj/Pois/Air  ##......     36%         3    ###....
 Spider Form              Tmut/Pois      ##.          36%         3    ###....
 Bolt of Draining         Conj/Necr      ####......   38%         5    ######.
 Blink                    Tloc           N/A          41%         2    #......
 Call Imp                 Summ           #.....       41%         2    #......
 Fulminant Prism          Conj/Hex       ##........   63%         4    ####...
 Static Discharge         Air            #.......     65%         3    ###....
 Ice Form                 Ice/Tmut       ##......     77%         4    ####...
 Blade Hands              Tmut           ###.......   83%         5    ######.
 Lightning Bolt           Conj/Air       ##........   93%         5    ######.
 Airstrike                Air            #.........   96%         4    ####...


Dungeon Overview and Level Annotations

Branches:
Dungeon (11/12)            Temple (0/1) D:7            Lair (5/6) D:8
 Shoals (0/3) Lair:4        Snake (0/3) Lair:3          Orc (1/1) D:11
 Vaults (0/3) D:11
  Slime: Lair:5-6       Elf: Orc:1

Altars:
Ashenzari
Hepliaklqana
Nemelex Xobeh
Qazlal
Ru
Trog
Xom
Yredelemnul

Shops:
D:4 [   D:9 (   D:11 [(   Orc %

Annotations:
D:3 2 transporters, Suttyogo's ghost, amateur OpFi
D:5 1 runed door, exclusion: door
Lair:1 exclusion: oklob plant
Lair:2 exclusion: hydra Orc Saint Roka


Innate Abilities, Weirdness & Mutations

You have a pair of small horns on your head.
Your flesh is cold resistant. (rC+)
A weak demonic guardian rushes to your aid.
When seriously injured, your bleeding wounds create thick armour. (AC +9)
Your life essence is reduced to manifest your ancestor. (-10% HP)


Message History

You swap places.
You swap places.
You swap places.
Evoke which item? (* to show all) (? for menu, Esc to quit)
Okay, then.
Unknown command.
Saint Roka mumbles some strange prayers to Beogh against you.
Beogh smites you!
You swap places.
Saint Roka invokes the aid of Beogh against you.
Beogh smites you! The troll barely misses you. You block the troll's attack.
The troll barely misses you.
You hear a shout!
Evoke which item? (* to show all) (? for menu, Esc to quit)
Aim the lamp in which direction?
Press: ? - help, Dir - move target cursor The flames dance!
The trail of fire hits the troll!
The troll is heavily wounded.
The trail of fire hits Saint Roka!!
Saint Roka is lightly wounded.
Saint Roka is engulfed in blazing flames.
The troll is engulfed in blazing flames.
The troll bites you but does no damage. The troll claws you!
The troll completely misses you.
You hit the troll but do no damage.
The troll is severely wounded.
Saint Roka is engulfed in blazing flames.
Saint Roka invokes the aid of Beogh against you.
Beogh smites you!
Your blood congeals into armour.
The troll is engulfed in blazing flames.
The troll closely misses you. The troll misses you.
The troll barely misses you.
You hear a shout!
You are too injured to fight recklessly!
You slice the troll!!
You kill the troll!
The troll leather armour is intact enough to wear.
Saint Roka is engulfed in blazing flames.
Casting: Regeneration (safe; 7% risk of failure)
Confirm with . or Enter, or press ? or * to list all spells.
Your skin crawls.
Your skin is crawling a little less now.
Saint Roka is engulfed in blazing flames.
Saint Roka invokes the aid of Beogh against you.
Beogh smites you!
A troll comes into view.
Casting: Regeneration (safe; 7% risk of failure)
Confirm with . or Enter, or press ? or * to list all spells.
Okay, then.
Unknown command.
You swap places.
Saint Roka is engulfed in blazing flames.
Saint Roka invokes the aid of Beogh against you.
Beogh smites you!
You hear a shout!
Saint Roka is engulfed in blazing flames.
Saint Roka roars a battlecry!
Saint Roka roars a battlecry!
Saint Roka is engulfed in blazing flames.
Saint Roka hits AYAYA with a +1 war axe of flaming!!
Saint Roka burns AYAYA.
The troll is engulfed in blazing flames.
AYAYA is engulfed in blazing flames.
AYAYA hits Saint Roka with a +0 dagger of draining.
AYAYA drains Saint Roka.
An orc comes into view.
You hear a shout!
You swap places.
An orc comes into view. It is wielding a +0 dagger.
Your skin stops crawling.
The troll is engulfed in blazing flames.
AYAYA is engulfed in blazing flames.
You destroy AYAYA!
Saint Roka is engulfed in blazing flames.
Saint Roka calls down the wrath of Beogh upon you.
Beogh smites you!
* * * LOW HITPOINT WARNING * * *
The troll is engulfed in blazing flames.
Saint Roka hits your quasit with a +1 war axe of flaming!
Saint Roka burns your quasit.
Your quasit dies!
Casting: Regeneration (safe; 7% risk of failure)
Confirm with . or Enter, or press ? or * to list all spells.
Your skin crawls.
The troll is engulfed in blazing flames.
Saint Roka calls down the wrath of Beogh upon you.
Beogh smites you!
* * * LOW HITPOINT WARNING * * *
The troll is engulfed in blazing flames.
You kill the troll!
The troll leather armour is intact enough to wear.
Your shadow imp barely misses Saint Roka.
Saint Roka says, "Down here, you're an orc or you're nobody."
Saint Roka calls down the wrath of Beogh upon you.
Beogh smites you!
* * * LOW HITPOINT WARNING * * *
Your shadow imp closely misses Saint Roka.
Saint Roka invokes the aid of Beogh against you.
Beogh smites you!
You die...

#### #..## ....# ...R# ##
...###.## ### ........## ##.###
.......#.#######....##
..#............#@....#
####....#####.......#########
####...##.).##.......5o.[.o.##
.......#...).'.......#####o..##
.......#)8...#.....### ###..#
.......#...[.#....## ##.##
.......##.).##....# #..#
.....#..#####....## ##o#
.....#...........# #.#


You could see Saint Roka and a friendly shadow imp.

Vanquished Creatures
  Rupert (Lair:5)
  An ettin (Orc)
  Harold (D:8)
  8 vault guards
  2 hydras
  2 two-headed ogres (D:10)
  3 centaur warriors
  7 death yaks
  A cyclops (D:10)
  Pikel (D:8)
  An orc knight (D:10)
  A harpy (D:11)
  An ugly thing (D:10)
  2 black mambas
  A torpor snail (Lair:4)
  7 cane toads
  2 komodo dragons
  A rime drake (Lair:2)
  A yaktaur (D:10)
  An efreet (D:11)
  4 trolls
  8 hippogriffs
  2 wolf spider simulacra (D:10)
  11 blink frogs
  3 centaur simulacra (D:10)
  Sigmund (D:3)
  3 dream sheep (Lair:4)
  A wyvern (D:10)
  3 basilisks
  17 yaks
  A steam dragon (D:10)
  A warg (shapeshifter) (D:11)
  Menkaure (D:5)
  A vampire mosquito (D:9)
  3 swamp worms (Lair:3)
  3 wargs (D:8)
  Edmund (D:6)
  4 water moccasins
  5 crocodiles
  2 soldier ants
  Duvessa (D:6)
  7 porcupines
  10 orc warriors
  2 ice beasts
  A black bear (shapeshifter) (D:9)
  A black bear (D:7)
  2 phantoms
  3 sky beasts
  5 ogres
  5 wolves (Lair:5)
  8 centaurs
  14 bullfrogs
  A big kobold (D:8)
  A wyvern zombie (D:7)
  2 hornet simulacra (D:10)
  A hexer (Orc)
  4 scorpions
  Dowan (D:6)
  A killer bee (D:5)
  8 howler monkeys
  6 wights
  A vampire bat (Lair:1)
  An electric eel (D:10)
  2 centaur zombies
  3 crimson imps
  A hound (D:8)
  2 centaur skeletons
  3 orc priests
  3 jellies
  11 orc wizards
  A bullfrog skeleton (D:4)
  Jessica (D:3)
  4 iguanas
  14 worker ants
  A hound zombie (D:7)
  A howler monkey zombie (D:8)
  2 worker ant zombies
  Robin (D:3)
  4 gnolls
  9 adders
  A howler monkey skeleton (D:6)
  2 shadow imps
  3 white imps (D:10)
  An ufetubus (D:10)
  2 adder skeletons
  3 worms
  5 dart slugs
  11 leopard geckos
  43 orcs
  3 giant cockroaches
  16 goblins
  8 hobgoblins
  13 jackals
  12 kobolds
  A quokka (D:3)
  A ball python (D:2)
  13 bats
  A frilled lizard (D:3)
  A quokka skeleton (D:4)
  6 rats
415 creatures vanquished.

Vanquished Creatures (collateral kills)
  An ettin (Orc)
  A centaur warrior (D:10)
  A queen ant (Lair:5)
  A komodo dragon (Lair:4)
  A troll (D:8)
  5 blink frogs
  Grinder (D:3)
  A hippogriff (D:9)
  A dream sheep (Lair:4)
  A centaur simulacrum (D:10)
  A basilisk (Lair:2)
  8 yaks
  A warg (Orc)
  A hungry ghost (D:6)
  2 soldier ants (Lair:5)
  3 water moccasins
  A crocodile (Lair:2)
  An ice beast (D:10)
  2 orc warriors
  2 ogres
  A black bear (D:7)
  2 phantoms
  A centaur (D:6)
  4 bullfrogs
  A scorpion (D:4)
  2 wights
  2 crimson imps
  A hound (D:5)
  2 centaur skeletons
  A gnoll shaman (D:10)
  7 orc wizards
  A worker ant (Lair:5)
  A killer bee zombie (D:8)
  A hound zombie (D:4)
  5 gnolls
  An adder (D:2)
  A shadow imp (D:8)
  An ufetubus (D:10)
  An adder zombie (D:5)
  A worm (D:5)
  7 orcs
  A giant cockroach (D:2)
  2 hobgoblins
  3 quokkas
  A bat (D:3)
  A jackal skeleton (D:5)
  A kobold (D:8)
89 creatures vanquished.

Vanquished Creatures (others)
  A slave (D:8)
  A scorpion (D:8)
  A water moccasin skeleton (D:10)
  An orc priest (D:8)
  A worker ant (D:8)
  17 hexers
  An orc (D:8)
  3 fungi (Lair:3)
  9 plants
35 creatures vanquished.

Grand Total: 539 creatures vanquished

Notes
Turn   | Place    | Note
-------+----------+-------------------------------------------
     0 | D:1      | MisterOstroum the Demonspawn Wanderer began the quest for
                  | the Orb.
     0 | D:1      | MisterOstroum set off with the following items: a +2 spear,
                  | a +0 robe, a ration {!d}; and the following spells
                  | available to memorise: Magic Dart, Searing Ray, Animate
                  | Skeleton, Pain, Iskenderun's Mystic Blast, Regeneration,
                  | Vampiric Draining, Fulminant Prism, Animate Dead, Bolt of
                  | Draining, Irradiate
     0 | D:1      | Reached XP level 1. HP: 15/15 MP: 4/4
     2 | D:1      | Learned a level 1 spell: Magic Dart
   139 | D:1      | Gained mutation: You have a pair of small horns on your
                  | head. [demonic ancestry]
   139 | D:1      | Reached XP level 2. HP: 15/21 MP: 1/6
   851 | D:1      | Gained mutation: A weak demonic guardian rushes to your
                  | aid. [demonic ancestry]
   851 | D:1      | Reached XP level 3. HP: 19/27 MP: 5/7
  1655 | D:2      | Found a faded altar of an unknown god.
  1662 | D:2      | Became a worshipper of Hepliaklqana the Forgotten
  1662 | D:2      | Reached * piety under Hepliaklqana
  1848 | D:2      | Reached XP level 4. HP: 25/30 MP: 8/8
  2156 | D:2      | Found a sacrificial altar of Ru.
  2180 | D:2      | Gained mutation: Your flesh is cold resistant. (rC+)
                  | [demonic ancestry]
  2180 | D:2      | Reached XP level 5. HP: 36/36 MP: 2/9
  2599 | D:3      | Noticed Sigmund
  2649 | D:3      | Noticed Robin
  2663 | D:3      | Killed Robin
  2673 | D:3      | Noticed Grinder
  2691 | D:3      | Killed Grinder
  2691 | D:3      | Reached skill level 1 in Armour
  2691 | D:3      | Reached XP level 6. HP: 7/43 MP: 4/10
  2733 | D:2      | Learned a level 3 spell: Regeneration
  3047 | D:3      | Found a transporter.
  3048 | D:3      | Found a transporter.
  3048 | D:3      | Noticed Suttyogo's ghost (amateur OpFi)
  3155 | D:3      | Killed Sigmund
  3342 | D:3      | Noticed Ijyb
  3343 | D:3      | Noticed Ijyb
  3343 | D:3      | Ijyb changed into Ijyb the howler monkey
  3347 | D:3      | Killed Ijyb the howler monkey
  3347 | D:3      | Reached XP level 7. HP: 49/49 MP: 11/11
  3460 | D:3      | Noticed Jessica
  3472 | D:3      | Killed Jessica
  3520 | D:3      | Reached ** piety under Hepliaklqana
  3526 | D:3      | Remembered your ancestor AYAYA as a hexer
  3623 | D:3      | Found a shimmering altar of Xom.
  3960 | D:4      | Reached skill level 1 in Necromancy
  4041 | D:4      | Reached skill level 5 in Fighting
  4041 | D:4      | Reached skill level 1 in Charms
  4773 | D:4      | Found Rufasyre's Armour Shop.
  4776 | D:4      | Bought a cursed +0 pair of boots for 15 gold pieces
  4874 | D:5      | Entered Level 5 of the Dungeon
  4941 | D:5      | Reached *** piety under Hepliaklqana
  5144 | D:5      | Gained mutation: When seriously injured, your bleeding
                  | wounds create armour. (AC +9) [demonic ancestry]
  5144 | D:5      | Reached XP level 8. HP: 55/55 MP: 13/13
  5249 | D:5      | Got a warped short sword
  5392 | D:5      | Noticed Menkaure
  5412 | D:5      | Killed Menkaure
  5741 | D:5      | Found a runed door.
  6159 | D:6      | Noticed Edmund
  6199 | D:6      | Killed Edmund
  6379 | D:6      | Found a stormy altar of Qazlal.
  6525 | D:6      | Noticed Dowan
  6532 | D:6      | Noticed Duvessa
  6583 | D:6      | Killed Dowan
  6583 | D:6      | Reached skill level 5 in Spellcasting
  6583 | D:6      | Reached XP level 9. HP: 61/61 MP: 11/16
  6586 | D:6      | Killed Duvessa
  6595 | D:6      | Learned a level 3 spell: Vampiric Draining
  6851 | D:6      | Identified the cursed +0 short sword of Xenneime {drain,
                  | Int+4} (You found it on level 5 of the Dungeon)
  7117 | D:6      | Reached skill level 1 in Short Blades
  7117 | D:6      | Reached skill level 5 in Necromancy
  7505 | D:7      | Found a bloodstained altar of Trog.
  7515 | D:7      | Reached skill level 2 in Short Blades
  7600 | D:7      | Reached **** piety under Hepliaklqana
  7976 | D:7      | Reached skill level 3 in Short Blades
  8167 | D:7      | Found a staircase to the Ecumenical Temple.
  8678 | D:8      | Noticed Harold
  8702 | D:8      | Killed Harold
  8702 | D:8      | Reached skill level 4 in Short Blades
  8702 | D:8      | Reached XP level 10. HP: 71/71 MP: 17/17
  9000 | D:8      | Noticed Pikel
  9147 | D:8      | Reached skill level 5 in Short Blades
  9415 | D:8      | Reached skill level 1 in Invocations
  9554 | D:8      | Killed Pikel
  9554 | D:8      | Reached skill level 1 in Stealth
  9594 | D:8      | Found a staircase to the Lair.
  9608 | D:8      | Reached skill level 6 in Short Blades
 10047 | D:9      | Got an ivory quarterstaff
 10283 | D:9      | Reached ***** piety under Hepliaklqana
 10341 | D:9      | Reached XP level 11. HP: 62/78 MP: 18/18
 10791 | D:9      | Found a sparkling altar of Nemelex Xobeh.
 10798 | D:9      | Found Tiankim's Antique Weapon Emporium.
 11003 | D:9      | Found a shattered altar of Ashenzari.
 11028 | D:9      | Found a basalt altar of Yredelemnul.
 11389 | Lair:1   | Entered Level 1 of the Lair of Beasts
 11892 | Lair:1   | Noticed an oklob plant
 12421 | Lair:1   | Identified a scroll of acquirement
 12456 | Lair:1   | Reached skill level 7 in Short Blades
 13343 | Lair:2   | Noticed an eight-headed hydra
 13901 | Lair:3   | Reached skill level 10 in Fighting
 13901 | Lair:3   | Gained mutation: When seriously injured, your bleeding
                  | wounds create thick armour. (AC +9) [demonic ancestry]
 13901 | Lair:3   | Reached XP level 12. HP: 40/87 MP: 1/19
 13918 | Lair:3   | Reached skill level 5 in Armour
 13931 | Lair:3   | Reached skill level 5 in Dodging
 14269 | Lair:3   | Reached skill level 8 in Short Blades
 14294 | Lair:3   | Reached ****** piety under Hepliaklqana
 14442 | Lair:3   | Noticed a death yak
 14445 | Lair:3   | Found a staircase to the Snake Pit.
 14446 | Lair:3   | Noticed a death yak
 14446 | Lair:3   | Noticed a death yak
 14615 | Lair:3   | Noticed a death yak
 14615 | Lair:3   | Noticed a death yak
 14708 | Lair:3   | Noticed a death yak
 14727 | Lair:2   | Killed a death yak
 14765 | Lair:2   | Killed a death yak
 14975 | Lair:2   | Killed a death yak
 14975 | Lair:2   | Reached skill level 5 in Evocations
 15089 | Lair:3   | Killed a death yak
 15124 | Lair:3   | Killed a death yak
 15124 | Lair:3   | Reached skill level 5 in Stealth
 15149 | Lair:3   | Killed a death yak
 15423 | Lair:3   | Reached skill level 9 in Short Blades
 15851 | Lair:4   | Found a staircase to the Shoals.
 15872 | Lair:4   | Noticed a seven-headed hydra
 15882 | Lair:4   | Killed a seven-headed hydra
 16707 | Lair:5   | Got a bone flail
 16715 | Lair:5   | Noticed a queen ant
 16741 | Lair:5   | Killed a queen ant
 16762 | Lair:5   | Noticed a five-headed hydra
 16770 | Lair:5   | Killed a five-headed hydra
 16985 | Lair:5   | Reached skill level 10 in Short Blades
 17013 | Lair:5   | Noticed Rupert
 17022 | Lair:5   | Reached XP level 13. HP: 113/113 MP: 16/20
 17034 | Lair:5   | Killed Rupert
 17034 | Lair:5   | Reached skill level 5 in Invocations
 18176 | D:8      | Learned a level 5 spell: Irradiate
 18234 | D:10     | Entered Level 10 of the Dungeon
 18234 | D:10     | Noticed Urug
 18240 | D:10     | Noticed Urug
 18240 | D:10     | Urug changed into Urug the yaktaur
 18246 | D:10     | Killed Urug the yaktaur
 18600 | D:10     | Reached skill level 1 in Transmutations
 19315 | D:10     | Reached skill level 11 in Short Blades
 19896 | D:11     | Found Nasaesta's Armour Shop.
 19925 | D:11     | Reached skill level 5 in Conjurations
 20353 | D:11     | Found Umuna's Weapon Shop.
 20354 | D:11     | Found a staircase to the Orcish Mines.
 20950 | D:11     | Reached skill level 1 in Long Blades
 21004 | D:11     | Reached XP level 14. HP: 43/99 MP: 16/21
 21684 | D:11     | Found a gate to the Vaults.
 21735 | Orc      | Entered the Orcish Mines
 21881 | Orc      | Found Erhoth's Food Boutique.
 22227 | Orc      | Noticed Saint Roka
 22264 | Orc      | Killed from afar by Saint Roka

Skill      XL: |  1  2  3  4  5  6  7  8  9 10 11 12 13 14 |
---------------+-------------------------------------------+-----
Fighting       | 2 3 4 5 7 8 10 | 10.0
Polearms       | 2 3 |  3.7
Conjurations   | 3 5 6 |  6.1
Armour         | 1 3 4 5 |  5.0
Necromancy     | 2 4 5 7 8 |  8.4
Shields        | 2 4 |  4.0
Charms         | 1 3 4 |  4.0
Spellcasting   | 5 |  5.0
Short Blades   | 4 6 7 10 11 | 11.5
Dodging        | 3 4 5 |  5.0
Evocations     | 2 3 4 6 7 |  7.0
Invocations    | 2 3 4 8 |  8.6
Stealth        | 2 3 5 |  5.0
Transmutations | 3 4 |  4.2
Long Blades    | 1 3 |  3.2

Action                   |  1- 3 |  4- 6 |  7- 9 | 10-12 | 13-15 || total
-------------------------+-------+-------+-------+-------+-------++-------
Melee: Spear             |   125 |    87 |   113 |     2 |       ||   327
       Headbutt          |    13 |    11 |    92 |   185 |   173 ||   474
       Dagger            |       |       |   175 |    54 |       ||   229
       Unarmed           |       |       |     4 |       |       ||     4
       Rapier            |       |       |   113 |   746 |   701 ||  1560
       Short sword       |       |       |    15 |       |       ||    15
       Double sword      |       |       |       |       |    21 ||    21
Throw: Stone             |       |     1 |     1 |       |     2 ||     4
       Tomahawk          |       |       |     5 |    11 |     1 ||    17
       Throwing net      |       |       |     1 |       |     2 ||     3
 Cast: Magic Dart        |    40 |    25 |       |     6 |     5 ||    76
       Vampiric Draining |       |       |       |    17 |    24 ||    41
       Regeneration      |       |       |       |    17 |    18 ||    35
Invok: Ancestor Identity |     2 |       |       |       |       ||     2
       Recall Ancestor   |       |     2 |     6 |     2 |     2 ||    12
       Ancestor Life: He |       |       |     1 |       |       ||     1
       Transference      |       |       |     1 |       |       ||     1
       Incarnate         |       |       |       |     1 |       ||     1
Evoke: Wand              |       |     1 |     1 |     6 |    13 ||    21
       Lamp of fire      |       |       |       |     1 |     1 ||     2
  Use: Scroll            |       |     2 |    15 |    15 |     4 ||    36
       Potion            |       |       |     1 |     3 |       ||     4
 Stab: Distracted        |       |     2 |     1 |    16 |    10 ||    29
       Invisible         |       |     1 |       |     1 |       ||     2
       Sleeping          |       |     1 |    15 |    18 |    22 ||    56
       Confused          |       |       |     9 |     8 |     4 ||    21
       Held in net/web   |       |       |     1 |       |     3 ||     4
       Paralysed         |       |       |       |     3 |       ||     3
  Eat: Chunk             |     4 |     5 |    16 |    28 |    20 ||    73
       Ration            |       |       |     1 |     1 |       ||     2
Armor: Robe              |    12 |       |       |       |       ||    12
       Quicksilver drago |    25 |    23 |    89 |   174 |   127 ||   438
       Skin              |       |       |     3 |       |       ||     3
Dodge: Dodged            |    51 |    29 |   153 |   290 |   274 ||   797
Block: Buckler           |       |     2 |    83 |   132 |    98 ||   315
